 Dungeon Sprint DCSS version 0.22.1-1-ga44c0e5 (webtiles) character file.

100 Goblin1989 the Unhurried (level 4, -2/38 HPs)
             Began as a Demonspawn Monk on Oct 30, 2018.
             Was a Believer of Cheibriados.
             Slain by an air elemental (4 damage)
             ... in the Dungeon (Sprint V: "Ziggurat Sprint").
             The game lasted 00:04:10 (264 turns).

Goblin1989 the Unhurried (Demonspawn Monk)           Turns: 264, Time: 00:04:11

Health: -2/38      AC: 18    Str: 29    XL:     4   Next: 47%
Magic:  4/9        EV: 10    Int: 17    God:    Cheibriados [**....]
Gold:   0          SH: 14    Dex: 25    Spells: 3/3 levels left

rFire    + . .     SeeInvis .   W - +5 broad axe
rCold    + . .     Gourm    .   M - +3 shield
rNeg     . . .     Faith    .   p - +5 gold dragon scales
rPois    +         Spirit   .   (helmet restricted)
rElec    .         Reflect  .   (no cloak)
rCorr    .         Harm     .   (no gloves)
MR       .....     NoTele   +   (no boots)
Stlth    ..........             (no amulet)
HPRegen  0.12/turn              P - +6 ring of strength
MPRegen  0.11/turn              Q - +6 ring of strength

@: agile, flying (expiring), drained, very slow
A: antennae 1, rot immunity
a: Bend Time, Renounce Religion


You were in the Dungeon.
You worshipped Cheibriados.
Cheibriados was pleased with you.
You were not hungry.

You visited 1 branch

Inventory:

Hand Weapons
 w - the +8 lance "Wyrmbane" {slay drac, rPois rF+ rC+ AC+3}
   (You found it in the Dungeon)

   It affects your AC (+3).
   It protects you from fire.
   It protects you from cold.
   It protects you from poison.
 W - a +5 broad axe (weapon)
Armour
 p - +5 gold dragon scales (worn)
 J - the +18 shield of the Gong {rElec rN+ MR+ EV-5}
   (You found it in the Dungeon)

   It affects your evasion (-5).
   It insulates you from electricity.
   It protects you from negative energy.
   It affects your resistance to hostile enchantments.
 M - a +3 shield (worn)
 X - the +2 shield of Resistance {rF+ rC+ MR+}
   (You found it in the Dungeon)

   It protects you from fire.
   It protects you from cold.
   It affects your resistance to hostile enchantments.
Magical Staves
 O - an uncursed staff of energy {@w2, !a, !d!a}
Jewellery
 P - a +6 ring of strength (left hand)
 Q - a +6 ring of strength (right hand)
 Y - the ring of Uvustrit {*Drain rPois MR+ Dex+8}
   (You found it in the Dungeon)

   [ring of poison resistance]

   It affects your dexterity (+8).
   It protects you from poison.
   It affects your resistance to hostile enchantments.
   It causes draining when unequipped.
Wands
 U - a wand of iceblast (7) {@v4}
 V - a wand of acid (6) {@v2}
Scrolls
 B - 4 scrolls of blinking
 I - 7 scrolls of fog
 R - 5 scrolls of identify {@r1}
 S - 5 scrolls of remove curse {@r3}
 T - 2 scrolls of fear
Potions
 c - 10 potions of heal wounds {@q2}
 d - 10 potions of curing {@q1}
 g - 7 potions of magic
 C - 2 potions of brilliance
 D - 2 potions of invisibility
 E - 4 potions of resistance
 G - 4 potions of agility
 H - 4 potions of might
Comestibles
 e - 7 rations


   Skills:
 + Level 4.9(4.4) Fighting
 + Level 4.3(3.9) Axes
 + Level 3.2(2.8) Armour
 + Level 4.4(4.0) Dodging
 - Level 1.7(1.3) Stealth
 + Level 3.2(2.8) Shields
 * Level 7.0(6.5) Invocations


You had 3 spell levels left.
You didn't know any spells.
Your spell library was empty.

Dungeon Overview and Level Annotations

Branches:
Dungeon (1/1)

Altars:
Ashenzari
Cheibriados
Dithmenos
Elyvilon
Fedhas
Gozag
Hepliaklqana
Kikubaaqudgha
Makhleb
Nemelex Xobeh
Okawaru
Qazlal
Ru
Sif Muna
Trog
Uskayaw
Vehumet
Wu Jian
Xom
Yredelemnul
Zin
The Shining One
Beogh
Jiyva
Lugonu

Annotations:
D 1 transporter


Innate Abilities, Weirdness & Mutations

You have a pair of small antennae on your head.
You are immune to rotting.


Message History

The phantom blinks!
You closely miss the leopard gecko skeleton.
You block the leopard gecko skeleton's attack. x2
The phantom blinks!
You slash the leopard gecko skeleton!
You destroy the leopard gecko skeleton!
Cheibriados thoroughly appreciates the change of pace.
Cheibriados raises the support of your attributes as your movement slows.
You slash the phantom!
The phantom is moderately damaged.
The phantom blinks!
You slice the phantom!!
The phantom is severely damaged.
The phantom blinks!
There is a transporter landing site here.
Your shield and gold dragon scales prevent you from hitting the phantom.
The phantom is severely damaged.
The phantom hits you.
You take 5 damage, and have 20/25 hp.
You hit the phantom.
The phantom is almost destroyed.
You block the phantom's attack.
The phantom blinks!
The phantom blinks!
The phantom blinks!
The phantom barely misses you.
You slice the phantom!!
You destroy the phantom!
Cheibriados appreciates the change of pace.
Your Axes skill increases to level 4!
Your Armour skill increases to level 3!
Your Dodging skill increases to level 4!
Your Shields skill increases to level 3!
Your Invocations skill gained 2 levels and is now at level 7!
You have reached level 3!
Your experience leads to an increase in your attributes!
Your base attributes are Str 11, Int 11, Dex 15.
Increase (S)trength, (I)ntelligence, or (D)exterity?
You feel stronger.
You have reached level 4!
You feel clever.
Your demonic ancestry asserts itself...
A pair of antennae grows on your head!
You regained 11 hp, and now have 31/38 hp.
Unknown command.
Unknown command.
X - the +2 shield of Resistance {rF+ rC+ MR+}
Y - the ring of Uvustrit {*Drain rPois MR+ Dex+8} Put on which piece of jewellery? (? for menu, Esc to quit)
Okay, then.
There is a transporter here.
Welcome to arena 2.
You enter the transporter and appear at another place.
An air elemental and 2 deep elf magi come into view.
The deep elf mage shouts! x2
The deep elf mage unwields an uncursed short sword.
The deep elf mage drops an uncursed short sword.
The deep elf mage picks up the +1 falchion of a treasure trove {freeze, rC+ The deep elf mage wields the +1 falchion of a treasure trove {freeze, rC+ It glows with a cold blue light!
Unknown command.
Unknown command.
Unknown command.
Okay, then.
Evoke which item? (* to show all) (? for menu, Esc to quit)
Aiming: Corrosive Bolt
Press: ? - help, Shift-Dir - straight line, f - deep elf mage
Aim: a deep elf mage, wielding a long sword The bolt of acid hits the air elemental.
The air elemental is splashed with acid.
The acid corrodes the air elemental!
The air elemental is moderately damaged.
The bolt of acid hits the deep elf mage.
The deep elf mage is splashed with acid.
The deep elf mage is moderately wounded.
The deep elf mage casts a spell.
A vortex of raging winds appears around the air elemental!
Unknown command.
Unknown command.
The flow of time bends around you.
Cheibriados rebukes the air elemental.
The air elemental seems to slow down.
You feel slightly more hungry.
The vortex of raging winds lifts you up.
You fly up into the air.
The air elemental misses you. The deep elf mage casts a spell at you.
The bolt of negative energy hits the air elemental.
The air elemental completely resists.
The bolt of negative energy hits you!
You feel drained.
* * * LOW HITPOINT WARNING * * *
You block the air elemental's attack.
You take 16 damage, and have 16/38 hp.
MASSIVE DAMAGE!!
You now have 4/9 mp.
Your gold dragon scales prevents you from hitting the air elemental.
The air elemental is moderately damaged.
You are engulfed in raging winds.
You feel a little less mighty now.
* * * LOW HITPOINT WARNING * * *
The air elemental barely misses you.
The deep elf mage gestures at you while chanting.
The bolt of magma hits you! You partially resist.
* * * LOW HITPOINT WARNING * * *
The air elemental hits you.
You die...

▓▓▓▓▓▓▓▓▓▓▓▓▓
▓.8©8.▓.8©8.▓
▓.:}).▓.....▓
▓§e§§§▓.....▓
▓§E§§§▓.....▓
▓§§§§§▓.....▓
▓§eE@§▓..©..▓
▓§§§§§▓▓▓▓▓▓▓
▓▓▓▓▓▓▓


You could see an earth elemental, 2 deep elf magi and an air elemental.

Vanquished Creatures
  A phantom (D)
  A leopard gecko skeleton (D)
2 creatures vanquished.

Vanquished Creatures (others)
  A spatial maelstrom (D)
1 creature vanquished.

Grand Total: 3 creatures vanquished

Notes
Turn   | Place    | Note
-------+----------+-------------------------------------------
     0 | D        | Found the +6 Majin-Bo {vamp, Archmagi MP+6 Int+6}
     0 | D        | Found the +7 great mace "Firestarter" {inner flame, rF++}
     0 | D        | Goblin1989 the Demonspawn Monk began the quest for the Orb.
     0 | D        | Reached XP level 1. HP: 18/18 MP: 1/1
     0 | D        | Found a deep blue altar of Sif Muna.
     0 | D        | Found a sacrificial altar of Ru.
     0 | D        | Found a bloodstained altar of Trog.
     0 | D        | Found a stormy altar of Qazlal.
     0 | D        | Found an iron altar of Okawaru.
     0 | D        | Found a sparkling altar of Nemelex Xobeh.
     0 | D        | Found a blossoming altar of Fedhas.
     2 | D        | Found a transporter.
     2 | D        | Found an ancient bone altar of Kikubaaqudgha.
     2 | D        | Found a viscous altar of Jiyva.
     2 | D        | Found a corrupted altar of Lugonu.
     2 | D        | Found a hazy altar of Hepliaklqana.
     2 | D        | Found a burning altar of Makhleb.
     2 | D        | Found an opulent altar of Gozag.
    15 | D        | Banished a spatial maelstrom
    26 | D        | Found the +9 heavy crossbow "Sniper" {velocity, Acc+∞ SInv}
    26 | D        | Found the +10 dark maul {crush}
    26 | D        | Found the +15 Maxwell's patent armour {-Cast -Tele rElec
                  | MR+ rCorr}
    26 | D        | Found the +18 shield of the Gong {rElec rN+ MR+ EV-5}
    26 | D        | Found the cursed +14 obsidian axe {chop, +Fly SInv *Curse}
    28 | D        | Found the +6 shillelagh "Devastator" {shatter}
    28 | D        | Found the +11 plutonium sword {*Contam Stlth-}
    28 | D        | Found the +8 lance "Wyrmbane" {slay drac, rPois rF+ rC+
                  | AC+3}
    28 | D        | Found the +9 sword of Zonguldrok {reap}
    28 | D        | Found the cursed +13 scythe of Curses {drain, *Curse}
    28 | D        | Found the +0 sword of Power
    28 | D        | Found the +7 mace of Variability {chain chaos}
    28 | D        | Found the +7 Singing Sword
    28 | D        | Found the +7 longbow "Piercer" {penet, EV-2}
   101 | D        | Became a worshipper of Cheibriados the Contemplative
   101 | D        | Reached * piety under Cheibriados
   101 | D        | Reached ** piety under Cheibriados
   196 | D        | Reached skill level 5 in Invocations
   196 | D        | Gained mutation: You are immune to rotting. [demonic
                  | ancestry]
   196 | D        | Reached XP level 2. HP: 25/25 MP: 1/5
   240 | D        | Entered arena 2.
   240 | D        | Noticed a phantom
   240 | D        | Found a transporter.
   241 | D        | Found the +2 shield of Resistance {rF+ rC+ MR+}
   253 | D        | Killed a phantom
   253 | D        | Reached skill level 7 in Invocations
   253 | D        | Reached XP level 3. HP: 26/32 MP: 6/8
   253 | D        | Gained mutation: You have a pair of small antennae on your
                  | head. [demonic ancestry]
   253 | D        | Reached XP level 4. HP: 31/38 MP: 6/9
   258 | D        | Got the ring of Uvustrit {*Drain rPois MR+ Dex+8}
   261 | D        | Entered arena 3.
   261 | D        | Noticed an air elemental
   261 | D        | Noticed a deep elf mage
   261 | D        | Noticed a deep elf mage
   261 | D        | Found a transporter.
   263 | D        | Noticed an earth elemental
   264 | D        | Slain by an air elemental

Skill      XL: |  1  2 |
---------------+-------+-----
Fighting       | 4 |  4.9
Axes           | 3 4 |  4.3
Armour         | 2 3 |  3.2
Dodging        | 3 4 |  4.4
Shields        | 2 3 |  3.2
Invocations    | 5 7 |  7.0
Stealth        | |  1.7

Action                   |  1- 3 |  4- 6 || total
-------------------------+-------+-------++-------
Melee: Broad axe         |     7 |     1 ||     8
Invok: Bend Time         |       |     1 ||     1
Evoke: Wand              |       |     1 ||     1
  Use: Potion            |     3 |       ||     3
Dodge: Dodged            |     1 |     2 ||     3
Block: Shield            |     3 |     1 ||     4

Vault maps used:
D:        sprint_v
